cohdb
Replays
Latest Replays
All Replays
Popular Replays
Top Player Replays
Match Explorer
How It Works
Community
CoH3 Stats
Reddit
Sign in to upload your games and track your stats! →
Sign in with Steam
Match 42518397
Unlisted
Match 42518397
Overview
Messages
Build Orders
End
Vickers Machine Gun Team
Construct Section Command Post
Selects Heavy Armor Battlegroup
Selects Heavy Armor Battlegroup
Infantry Section
Infantry Section
Infantry Section
Selects Light Vehicle Withdraw and Refit
Construct Platoon Command Post
Unlock M3 Stuart Light Tanks
M3 Stuart Light Tank
Selects Radio Net
M3 Stuart Light Tank
M3 Stuart Light Tank
M3 Stuart Light Tank
Selects Designate Targets
Designate Targets
M3 Stuart Light Tank
Selects Rigorous Vehicle Training
M3 Stuart Light Tank
Designate Targets
Radio Net
Grenade Package
Selects Forward Repair Assembly
M3 Stuart Light Tank
M3 Stuart Light Tank
Designate Targets
M3 Stuart Light Tank
M3 Stuart Light Tank
panther
Dark Angels
Bruistablet
WeedIsMySin
0
0
Comments
sign in to comment!
No comments posted yet!